 Dungeon Crawl Stone Soup version 0.31-a0-986-g5e6e4ef867 (webtiles) character file.

Game seed: 3781550293592377096

12156 Firecrotchwizard the Grappler (level 11, -6/121 HPs)
             Began as a Pale Draconian Shapeshifter on Nov 12, 2023.
             Was a High Priest of Okawaru.
             Mangled by an eight-headed hydra (8 damage)
             ... on level 2 of the Lair of Beasts.
             The game lasted 00:40:19 (12505 turns).

Firecrotchwizard the Grappler (DrSh)               Turns: 12505, Time: 00:40:20

Health: -6/121     AC:  9    Str: 33    XL:     11   Next: 58%
Magic:  12/14      EV: 13    Int: 10    God:    Okawaru [*****.]
Gold:   223        SH:  0    Dex: 16    Spells: 10/10 levels left

rFire   . .          .
                       - Unarmed
rCold   . . .        m - melded +1 buckler
rNeg    . . .        (body armour unavailable)
rPois   .            (helmet currently unavailable)
rElec   .            (cloak currently unavailable)
rCorr   .            (gloves currently unavailable)
SInv    .            (boots currently unavailable)
Will    .....        v - amulet of faith
Stlth   +++          d - +6 ring of strength
HPRegen 0.40/turn    G - +6 ring of dexterity
MPRegen 0.14/turn

%: faith
@: snake-form, heroic
A: constrict, boosted hp, (breathe steam), AC +7, large, unfitting armour,
(cold-blooded), (steam resistance)
a: Begin Untransformation, Renounce Religion, Heroism, Finesse, Duel


You were on level 2 of the Lair of Beasts.
You worshipped Okawaru.
Okawaru was extremely pleased with you.
You were an enormous anaconda.
You visited 2 branches of the dungeon, and saw 11 of its levels.

You collected 542 gold pieces.
You spent 319 gold pieces at shops.

Inventory:

Missiles
 q - 23 poisoned darts
 L - 4 datura-tipped darts
Armour
 m - a +1 buckler (melded)
 x - a +0 cloak
 F - +0 steam dragon scales
 M - the +2 pair of gloves of Dishonesty {+Blink rN+}
   (Okawaru gifted it to you on level 2 of the Lair of Beasts)

   rN+:       It protects you from negative energy.
   +Blink:    It lets you blink.
Jewellery
 d - a +6 ring of strength (left hand)
 v - an amulet of faith (around neck)
 A - a ring of wizardry
 G - a +6 ring of dexterity (right hand)
Talismans
 b - a beast talisman
 c - a flux talisman
 j - a serpent talisman (active)
Wands
 a - a wand of acid (1)
 r - a wand of polymorph (5)
 y - a wand of flame (24)
 H - a wand of mindburst (14)
Scrolls
 f - 2 scrolls of fog
 g - a scroll of blinking
 h - a scroll of poison
 i - a scroll of identify
 k - 9 scrolls of immolation
 t - 2 scrolls of teleportation
 z - a scroll of enchant weapon {unknown}
 B - a scroll of revelation {unknown}
 D - a scroll of noise {unknown}
 E - a scroll of silence {unknown}
 I - a scroll of brand weapon {unknown}
 K - 2 scrolls of amnesia
Potions
 e - 3 potions of enlightenment
 l - 5 potions of curing
 n - 6 potions of heal wounds
 o - a potion of cancellation {unknown}
 p - a potion of lignification
 s - 2 potions of might
 u - a potion of attraction {unknown}
 w - 2 potions of resistance
 C - a potion of invisibility {unknown}
 J - a potion of brilliance {unknown}


   Skills:
 + Level 10.6(15.6) Fighting
 - Level 1.7(6.7) Dodging
 - Level 11.1(16.1) Unarmed Combat
 + Level 5.0 Invocations
 + Level 10.6 Shapeshifting


You had 10 spell levels left.
You didn't know any spells.
Your spell library contained the following spells:

 Spells                   Type           Power      Damage    Failure   Level
 Ensorcelled Hibernation  Hex/Ice        0%         N/A       50%         2
 Jinxbite                 Hex            0%         N/A       50%         2
 Anguish                  Hex/Necr       0%         N/A       98%         4
 Olgreb's Toxic Radiance  Pois           0%         N/A       98%         4
 Discord                  Hex            0%         N/A       100%        8
 Ignition                 Fire           0%         3d3       100%        8


Dungeon Overview and Level Annotations

Branches:
Dungeon (9/15)             Temple (0/1) D:6            Lair (2/5) D:9
 Shoals (0/4) Lair:2
  Snake: Lair:2-3    Spider: Lair:2-3       Orc: D:9-12

Altars:
Gozag
Kikubaaqudgha
Makhleb
Nemelex Xobeh
Okawaru
Qazlal
Uskayaw
Yredelemnul
The Shining One

Shops:
D:4 [=*   D:6 ?   D:8 *

Annotations:
D:3 1 runed translucent door, Crazy Yiuf


Innate Abilities, Weirdness & Mutations

You are an enormous anaconda.
You have a powerful constriction melee attack.
Your maximum health is increased.
Your armour is entirely melded.
You are incapable of wielding weapons or throwing items.
((You can breathe blasts of scalding, opaque steam.))
((Your pale cyan-grey scales are hard. (AC +7)))
You cannot fit into any form of body armour.
((You are cold-blooded and may be slowed by cold attacks.))
((You are immune to the effects of steam.))


Message History

You kill the harpy!
Okawaru accepts your kill. The harpy claws you!
The harpy claws you but does no damage. The harpy barely misses you.
The harpy claws you!
* * * LOW HITPOINT WARNING * * *
You see here a harpy corpse.
You are too injured to fight recklessly!
You are too injured to fight recklessly!
The harpy claws you!
* * * LOW HITPOINT WARNING * * *
The harpy claws you but does no damage.
You are too injured to fight recklessly!
You are too injured to fight recklessly!
You are too injured to fight recklessly!
You barely miss the harpy. Your grab misses the harpy.
The harpy completely misses you. The harpy claws you but does no damage.
Okay, then.
Aiming: Corrosive Bolt
Press: ? - help, Shift-Dir - straight line, f - harpy
Aim: a harpy (71% to hit)
The bolt of acid misses the harpy.
The harpy claws you!
* * * LOW HITPOINT WARNING * * *
The harpy claws you!
* * * LOW HITPOINT WARNING * * *
You body-slam the harpy!!
You grab the harpy.
The harpy is severely wounded.
You constrict the harpy. The harpy claws you.
* * * LOW HITPOINT WARNING * * *
The harpy closely misses you.
The harpy struggles to escape constriction.
You crush the harpy!!!
You kill the harpy!
Okawaru accepts your kill. Okawaru grants you throwing weapons!
Something appears at your feet!
Okawaru will grant you a choice of weapons... once.
Okawaru will grant you a choice of armour... once.
Your Invocations skill increases to level 5!
L - 4 datura-tipped darts (gained 2) Okawaru offers you a choice of armour!
Something appears at your feet!
Unknown command.
M - the +2 pair of gloves of Dishonesty {+Blink rN+} The eight-headed hydra roars!
You see here a harpy corpse.
You see here a harpy corpse.
There is a stone staircase leading up, spattered with blood here.
An eight-headed hydra is nearby!
You climb upwards.
There is a stone staircase leading down, spattered with blood here.
You start resting.
HP restored.
You climb downwards.
The eight-headed hydra bites you but does no damage.
The eight-headed hydra bites you.
The eight-headed hydra bites you but does no damage.
The eight-headed hydra closely misses you.
The eight-headed hydra bites you. The eight-headed hydra bites you! x2
The eight-headed hydra bites you.
There is a stone staircase leading up, spattered with blood here.
You gain the combat prowess of a mighty hero.
Okawaru is no longer ready to gift you weaponry.
The eight-headed hydra barely misses you.
The eight-headed hydra bites you. The eight-headed hydra bites you!
The eight-headed hydra bites you. x2
The eight-headed hydra closely misses you.
The eight-headed hydra bites you!
* * * LOW HITPOINT WARNING * * *
The eight-headed hydra bites you.
* * * LOW HITPOINT WARNING * * *
You body-slam the eight-headed hydra!!
The eight-headed hydra is moderately wounded.
The eight-headed hydra bites you!
* * * LOW HITPOINT WARNING * * *
The eight-headed hydra bites you.
* * * LOW HITPOINT WARNING * * *
The eight-headed hydra bites you but does no damage.
The eight-headed hydra bites you!
* * * LOW HITPOINT WARNING * * *
The eight-headed hydra bites you!
* * * LOW HITPOINT WARNING * * *
The eight-headed hydra bites you but does no damage.
The eight-headed hydra bites you.
* * * LOW HITPOINT WARNING * * *
The eight-headed hydra bites you!
* * * LOW HITPOINT WARNING * * *
Unknown command.
You body-slam the eight-headed hydra!!
The eight-headed hydra is almost dead.
The eight-headed hydra closely misses you.
The eight-headed hydra bites you.
* * * LOW HITPOINT WARNING * * *
The eight-headed hydra bites you.
* * * LOW HITPOINT WARNING * * *
The eight-headed hydra bites you!
* * * LOW HITPOINT WARNING * * *
The eight-headed hydra bites you but does no damage.
The eight-headed hydra barely misses you.
The eight-headed hydra bites you!
You die...

#.P.#.P## #....(...........#..#
........#####............#...+..#
......P###.##............P.......
.##......................P...#..#
###........####....##.#....#.....
##......### ##.................#
##.......## #....#..............
##........# ##..D#..............
..........# #.S................
.........## ##........#......###
.........# #....#...........#..
.~#.P....## #....#....#......#..
~.........#####....##.+.......#..
~~..#.....##.#..>.............#..
~.....................#P...P..#..
~.......#.#...#+......P....#..#..
~~..............#..........#..P..


You could see an eight-headed hydra.

Vanquished Creatures
  Pikel (D:6)
  3 harpies (Lair:2)
  2 black mambas (Lair:2)
  A rime drake (Lair:1)
  A kobold demonologist (D:9)
  2 cane toads (Lair:1)
  A polar bear (Lair:1)
  5 blink frogs
  Prince Ribbit (D:5)
  A shadow (D:9)
  A wraith (D:9)
  Sigmund (D:3)
  A basilisk (Lair:2)
  2 wyverns (D:9)
  Eustachio (D:5)
  4 steam dragons (D:7)
  6 yaks
  6 water moccasins
  7 sky beasts
  4 ice beasts
  2 ogres
  3 black bears
  A centaur (D:7)
  7 wolves
  2 phantoms
  2 lemures (D:6)
  3 kobold brigands
  6 bullfrogs
  A gnoll sergeant (D:8)
  Blork the orc (D:4)
  4 scorpions
  4 wights (D:8)
  A gnoll bouda (D:6)
  2 hounds (D:4)
  2 orc priests (D:7)
  2 jellies
  Ijyb (D:5)
  Jessica (D:3)
  A sleepcap (D:5)
  An iguana (D:6)
  Natasha (D:1)
  4 orc wizards
  11 adders
  13 gnolls
  2 shadow imps (D:6)
  3 white imps
  2 ufetubi (D:7)
  2 worms (D:4)
  3 dart slugs
  21 orcs
  9 ball pythons
  6 endoplasms
  6 giant cockroaches
  10 goblins
  9 hobgoblins
  18 kobolds
  5 quokkas
  11 bats
  3 frilled lizards
  8 rats
245 creatures vanquished.

Vanquished Creatures (others)
  A kobold (D:7)
1 creature vanquished.

Grand Total: 246 creatures vanquished

Notes
Turn   | Place    | Note
-------+----------+-------------------------------------------
     0 | D:1      | Firecrotchwizard the Draconian Shapeshifter began the quest
                  | for the Orb.
     0 | D:1      | Reached XP level 1. HP: 16/16 MP: 1/1
    94 | D:1      | Reached XP level 2. HP: 23/23 MP: 2/2
   255 | D:1      | You fall into a shaft and drop 1 floor!
   380 | D:2      | Reached XP level 3. HP: 28/29 MP: 3/3
   696 | D:1      | Found a faded altar of an unknown god.
   783 | D:1      | Reached skill level 4 in Unarmed Combat
  1238 | D:2      | Reached XP level 4. HP: 36/36 MP: 4/4
  1330 | D:2      | Noticed Natasha
  1338 | D:3      | Noticed a scorpion
  1920 | D:1      | Killed Natasha
  2016 | D:2      | Killed a scorpion
  2017 | D:2      | Reached XP level 5. HP: 38/42 MP: 5/5
  2215 | D:3      | Noticed Sigmund
  2404 | D:3      | Noticed Jessica
  2427 | D:3      | Reached skill level 5 in Unarmed Combat
  2437 | D:3      | Killed Jessica
  2586 | D:3      | Reached XP level 6. HP: 46/51 MP: 6/6
  2772 | D:3      | Found a sparkling altar of Nemelex Xobeh.
  2886 | D:3      | Killed Sigmund
  3000 | D:3      | Found a runed translucent door.
  3001 | D:3      | Noticed Crazy Yiuf
  3239 | D:4      | Found Xiozyred's General Store.
  3240 | D:4      | Found Bidapnes's Jewellery Shoppe.
  3270 | D:4      | Reached skill level 6 in Unarmed Combat
  3270 | D:4      | Your scales start taking on a pale cyan-grey colour.
  3270 | D:4      | Reached XP level 7. HP: 53/59 MP: 7/7
  3270 | D:4      | Gained mutation: You are immune to the effects of steam.
                  | [Pale Draconian growth]
  3491 | D:4      | Noticed Blork the orc
  3512 | D:4      | Killed Blork the orc
  3629 | D:4      | Found a hide-covered altar of Uskayaw.
  3755 | D:4      | Found Jasmy's Antique Armour Boutique.
  3776 | D:4      | Bought a cloak for 94 gold pieces
  3911 | D:4      | Found an iron altar of Okawaru.
  3948 | D:4      | Became a worshipper of Warmaster Okawaru
  4077 | D:4      | Found an opulent altar of Gozag.
  4082 | D:4      | Found an ancient bone altar of Kikubaaqudgha.
  4150 | D:4      | Reached skill level 5 in Shapeshifting
  4268 | D:5      | Entered Level 5 of the Dungeon
  4356 | D:5      | Reached skill level 7 in Unarmed Combat
  4491 | D:5      | Noticed Prince Ribbit
  4492 | D:5      | Noticed Ijyb
  4509 | D:5      | Killed Prince Ribbit
  4510 | D:5      | Reached skill level 5 in Fighting
  4510 | D:5      | Reached XP level 8. HP: 30/68 MP: 8/8
  4918 | D:5      | Killed Ijyb
  5087 | D:5      | Noticed Eustachio
  5230 | D:5      | Killed Eustachio
  5231 | D:5      | Reached skill level 8 in Unarmed Combat
  5235 | D:5      | Reached * piety under Okawaru
  6151 | D:6      | Noticed Pikel
  6222 | D:6      | Reached XP level 9. HP: 70/78 MP: 9/9
  6271 | D:6      | Reached skill level 9 in Unarmed Combat
  6274 | D:6      | Reached ** piety under Okawaru
  6318 | D:6      | Killed Pikel
  6429 | D:6      | Found Bustruwau's Magic Scroll Boutique.
  6485 | D:6      | Found a burning altar of Makhleb.
  6572 | D:6      | Reached *** piety under Okawaru
  6585 | D:6      | Found a staircase to the Ecumenical Temple.
  6657 | D:6      | Reached skill level 10 in Unarmed Combat
  7158 | D:7      | Reached **** piety under Okawaru
  7159 | D:7      | Reached XP level 10. HP: 14/88 MP: 10/10
  8062 | D:8      | Found Suenwiacs's Hallowed Reliquary.
  8069 | D:8      | Noticed an angel
  8084 | D:8      | Bought a potion of heal wounds for 75 gold pieces
  8084 | D:8      | Bought a potion of heal wounds for 75 gold pieces
  8084 | D:8      | Bought a potion of heal wounds for 75 gold pieces
  8237 | D:8      | Found a stormy altar of Qazlal.
  8409 | D:8      | Reached skill level 11 in Unarmed Combat
  8411 | D:8      | Reached skill level 1 in Invocations
  9338 | D:9      | Found a basalt altar of Yredelemnul.
  9340 | D:9      | Noticed a profane servitor
  9375 | D:9      | Noticed a smoke demon
  9592 | D:9      | Reached ***** piety under Okawaru
  9719 | D:9      | Found a glowing golden altar of the Shining One.
  9721 | D:9      | Noticed an angel
  9868 | D:9      | Found a staircase to the Lair.
 10110 | Lair:1   | Entered Level 1 of the Lair of Beasts
 10563 | Lair:1   | Reached XP level 11. HP: 93/97 MP: 13/13
 10816 | Lair:1   | Received a gift from Okawaru
 11077 | Lair:2   | Noticed an eight-headed hydra
 11501 | Lair:1   | Reached skill level 10 in Shapeshifting
 11502 | Lair:1   | Reached skill level 10 in Fighting
 12245 | Lair:2   | Noticed a harpy
 12245 | Lair:2   | Noticed a harpy
 12246 | Lair:2   | Found a staircase to the Shoals.
 12246 | Lair:2   | Noticed a harpy
 12250 | Lair:2   | Killed a harpy
 12253 | Lair:2   | Killed a harpy
 12261 | Lair:2   | Killed a harpy
 12261 | Lair:2   | Received a gift from Okawaru
 12261 | Lair:2   | Reached ****** piety under Okawaru
 12262 | Lair:2   | Reached skill level 5 in Invocations
 12263 | Lair:2   | Acquired the +2 pair of gloves of Dishonesty {+Blink rN+}
 12263 | Lair:2   | Received a gift from Okawaru
 12505 | Lair:2   | HP: 2/121 [eight-headed hydra (7)]
 12505 | Lair:2   | Mangled by an eight-headed hydra

Illustrated notes

Levels and vault maps discovered:
D:1:      heliophobic_arrival_henge, layout_basic,
          hellmonk_ecumenical_altar_pennies_from_heaven, minmay_split_cup_small
D:2:      layout_basic, uniq_natasha
D:3:      layout_basic, lemuel_crystal_altar, gup_sewer_entry_bubbles,
          uniq_crazy_yiuf_cottage, uniq_sigmund, uniq_jessica
D:4:      minmay_spotlight, layout_basic, okawaru_gym_becter, minitemple,
          mainiacjoe_overflow_cross_hatched, serial_shops,
          nicolae_shop_hallway_plus, nicolae_stop_n_shop_1, shop,
          hangedman_abyss_or_decor_jellyfish_corner, uniq_blork_the_orc
D:5:      layout_layer_cave, uniq_eustachio, uniq_prince_ribbit1, uniq_ijyb
D:6:      layout_loops_ring, mainiacjoe_overflow_tiny_flanked,
          minmay_temple_entry_mini_moons, serial_shops,
          nicolae_shop_tiny_real_fake_doors, uniq_pikel
D:7:      layout_rooms, minmay_misc_feat_hallway, st_stairs_10,
          hangedman_misty_isle
D:8:      layout_loops_corners, mainiacjoe_overflow_alcove_4, enter_bailey_3,
          nicolae_good_shop
D:9:      layout_basic, grunt_temple_overflow_holy_war, lair_entry_dummy
Lair:1:   layout_cave_shapes, st_stairs_11, ldierk_geyser,
          infiniplex_staircase_pool, lemuel_fruit_tree
Lair:2:   layout_chaotic_city, nicolae_shoals_entry_roost,
          gammafunk_ghost_cemetery, kilobyte_rumbling_trees

Skill      XL: |  1  2  3  4  5  6  7  8  9 10 11 |
---------------+----------------------------------+-----
Fighting       | 2 3 4 5 6 7 9 10 | 10.6
Unarmed Combat | 4 5 6 7 8 10 11 | 11.1
Shapeshifting  | 4 5 6 7 9 10 | 10.6
Invocations    | 3 5 |  5.0
Dodging        | |  1.7

Action                     |  1- 3 |  4- 6 |  7- 9 | 10-12 || total
---------------------------+-------+-------+-------+-------++-------
  Melee: Unarmed           |   119 |   107 |   276 |   200 ||   702
         Tailslap          |    15 |    11 |    35 |    27 ||    88
         Punch             |     1 |       |       |       ||     1
         Constrict         |       |       |       |     7 ||     7
  Throw: Dart              |       |     5 |     1 |       ||     6
 Invoke: Heroism           |       |       |       |     1 ||     1
         Receive Armour    |       |       |       |     1 ||     1
Ability: Breathe Steam     |       |       |     6 |    12 ||    18
  Evoke: Wand              |       |       |       |     1 ||     1
    Use: Scroll            |       |       |     5 |     7 ||    12
         Potion            |       |       |     3 |       ||     3
   Stab: Sleeping          |     2 |       |     1 |     2 ||     5
 Armour: Skin              |    53 |    75 |   198 |   175 ||   501
  Dodge: Dodged            |    70 |    60 |   119 |    81 ||   330
  Block: Buckler           |       |     9 |    44 |    26 ||    79
   Form: Anaconda          |       |       |       |     1 ||     1

Table legend: (Time is in decaauts)
 A = Elapsed time spent in this place.
 B = Non-inter-level travel time spent in this place.
 C = Inter-level travel time spent in this place.
 D = Time resting spent in this place.
 E = Time spent auto-exploring this place.
 F = Levels seen in this place.
 G = Mean time per level.
                   A        B        C        D        E       F      G
               +--------+--------+--------+--------+--------+-----+--------+
         Total |  12475 |  11908 |    567 |   2774 |   7466 |  11 | 1134.1 |
       Dungeon |  10111 |   9617 |    494 |   1567 |   6648 |   9 | 1123.4 |
          Lair |   2364 |   2291 |     73 |   1207 |    818 |   2 | 1182.0 |
               +--------+--------+--------+--------+--------+-----+--------+

Top non-repeatable levels by time:
  Lair:1: 1947 daAuts
     D:5: 1888 daAuts
     D:1: 1311 daAuts
     D:3: 1174 daAuts
     D:9: 1103 daAuts
     D:4: 1061 daAuts
     D:8: 1012 daAuts
     D:6: 939 daAuts
     D:7: 845 daAuts
     D:2: 773 daAuts
  Lair:2: 416 daAuts
